[Event "*** SCC Grand Prix: Titled Tuesday Blitz"]
[Site "Chess.com"]
[Date "2020.07.14"]
[Round "8"]
[White "TioCridineno"]
[Black "HanSchut"]
[Result "1-0"]
[WhiteElo "2166"]
[BlackElo "2306"]
[TimeControl "180+1"]
[EndTime "11:37:36 PDT"]
[Termination "TioCridineno won on time"]

1. e4 c5 2. Nf3 d6 3. d4 cxd4 4. Nxd4 Nf6 5. Nc3 a6 6. Bg5 e6 7. f4 Be7 8. Qf3 h6 9. Bh4 g5 10. fxg5 Nfd7 11. O-O-O Ne5 12. Qe2 hxg5 13. Bf2 Qc7 14. Kb1 Bd7 15. Nf3 Nbc6 16. Nxe5 Nxe5 17. g3 O-O-O 18. Ba7 b5 19. Bd4 Kb8 20. a3 Rc8 21. Qf2 Rhf8 22. Be2 Bc6 23. h4 gxh4 24. gxh4 f5 25. Qe3 fxe4 26. h5 d5 27. h6 Bd6 28.
Rdg1 Rf7 29. Rg5 Rh8 30. Rgh5 Rhh7 31. Nd1 a5 32. Qc3 Nc4 33. Bxc4 bxc4 34. Ne3 Qb7 35. Be5 Bxe5 36. Qxe5+ Ka7 37. c3 Re7 38. Qd4+ Qb6 39. Qxb6+ Kxb6 40. Ng4 Kc5 41. Nf6 Kd6 42. Nxh7 Rxh7 43.
Rg5 e5 44. Rg6+ Kc5 45. Rg7 d4 46.
Rxh7 d3 47. Kc1 e3 48. Rh2 Bf3 49. Rc7+ Kd6 50. Rxc4 e2 51. Kd2 e4 52. Rxe4 Bxe4 53.
h7 Bxh7 54. Rxh7 Kd5 55. Rh3 Kc5 56. Rxd3 Kc4 57. Re3 Kb3 58. Kc1 e1=Q+ 59. Rxe1 1-0

[Event "*** SCC Grand Prix: Titled Tuesday Blitz"]
[Site "Chess.com"]
[Date "2020.07.14"]
[Round "8"]
[White "Andrei_Belozerov"]
[Black "praveenb2002"]
[Result "0-1"]
[WhiteElo "2577"]
[BlackElo "2727"]
[TimeControl "180+1"]
[EndTime "11:37:37 PDT"]
[Termination "praveenb2002 won by resignation"]

1. e4 c5 2. Nf3 Nc6 3. d4 cxd4 4. Nxd4 Nf6 5. Nc3 e5 6. Ndb5 d6 7. Bg5 a6 8. Na3 b5 9. Nd5 Be7 10. Bxf6 Bxf6 11. c3 Ne7 12. Nxf6+ gxf6 13. Bd3 Bb7 14. Qe2 d5 15. O-O Rg8 16. Rad1 Qb6 17. Kh1 O-O-O 18. Nc2 Kb8 19. f3 Ng6 20. g3 h5 21.
Qe3 d4 22. cxd4 exd4 23. Qf2 Ne5 24. Be2 Nc6 25. f4 h4 26. g4 h3 27. Bf3 Rd7 28. Rd2 Rgd8 29. Rfd1 Qc5 30. Kg1 Qc4 31. b3 Qc3 32.
Rd3 Qc5 33. a3 Qd6 34. Qg3 Qc7 35. b4 a5 36. R1d2 axb4 37. axb4 Qd6 38. Qxh3 Qxf4 39. Qg3 Qxg3+ 40. hxg3 Ne5 41. Rb3 Nxf3+ 42. Rxf3 Bxe4 43. Rxf6 Rc8 44. Nxd4 Rc1+ 45. Kf2 Kc8 46. Rf4 Bb7 47.
g5 Rc4 48. Ke3 Rxb4 49. Rc2+ Rc4 50. Rxc4+ bxc4 51. Kd2 Bd5 52. Kc3 Ra7 53. Rf5 Be4 54. Rc5+ Kd7 55. Kxc4 Ra3 56. Re5 Bd3+ 57. Kc5 Ra5+ 58.
Nb5 Rxb5+ 59. Kd4 Rxe5 60. Kxe5 Bg6 61. Kf6 Kd6 62. g4 Kd5 63. Ke7 Ke5 64. Kf8 Kf4 65.
Kg7 Kxg5 66. Kh8 Kxg4 67. Kg7 Kg5 68. Kh8 f5 69. Kg7 f4 70. Kh8 f3 0-1

[Event "*** SCC Grand Prix: Titled Tuesday Blitz"]
[Site "Chess.com"]
[Date "2020.07.14"]
[Round "8"]
[White "JSMastropiero"]
[Black "The_Machine04"]
[Result "0-1"]
[WhiteElo "2404"]
[BlackElo "2301"]
[TimeControl "180+1"]
[EndTime "11:37:37 PDT"]
[Termination "The_Machine04 won on time"]

1. d4 d6 2. e4 Nf6 3. f3 e5 4. d5 Be7 5. c4 c6 6. Nc3 cxd5 7.
cxd5 a6 8. Be3 Nbd7 9. Bd3 b5 10. Nge2 Nb6 11. b3 Bd7 12. O-O O-O 13. Qd2 Qb8 14. a4 b4 15. Nd1 a5 16. Nb2 Rc8 17. Rac1 Qb7 18. Rxc8+ Rxc8 19. Rc1 Rxc1+ 20. Qxc1 Bd8 21. g3 Qc7 22. Qxc7 Bxc7 23. Kf2 Bc8 24. Bb5 Bd7 25. Bxd7 Nfxd7 26. Ke1 Kf8 27. Kd2 Ke7 28. Kd3 Bb8 29. Nc4 Nxc4 30. Kxc4 Bc7 31. Kb5 g6 32. Nc1 f5 33.
Nd3 fxe4 34. fxe4 Kd8 35. Bg5+ Kc8 36. Nb2 Nc5 37. Nc4 Nxb3 38. Be7 Kd7 39. Bf8 Nc5 40. Nxe5+ dxe5 41. Bxc5 Bd6 42. Be3 Bc7 43. Kc4 Kc8 44.
Bc1 Kd7 45. Bb2 Kd6 46. Kb5 Kd7 47. Ka6 Kd6 48. Kb7 Bd8 49. Kc8 Bb6 50. Kb7 Bd4 51.
Ka6 Bxb2 0-1

[Event "*** SCC Grand Prix: Titled Tuesday Blitz"]
[Site "Chess.com"]
[Date "2020.07.14"]
[Round "8"]
[White "yuliagok"]
[Black "gagtemp"]
[Result "0-1"]
[WhiteElo "2087"]
[BlackElo "1946"]
[TimeControl "180+1"]
[EndTime "11:37:38 PDT"]
[Termination "gagtemp won on time"]

1. d4 d5 2. c4 e6 3. Nc3 c5 4. cxd5 exd5 5. g3 Nc6 6. Nf3 Nf6 7. Bg2 Be7 8. O-O O-O 9. b3 cxd4 10. Nxd4 Bg4 11. Bb2 Qd7 12. Rc1 Rad8 13. Nxc6 bxc6 14. Qd2 Bh3 15. Rfd1 Bxg2 16. Kxg2 d4 17. Na4 Qd5+ 18. Kg1 c5 19. Qc2 h5 20. h4 Ne4 21. Qd3 Rd6 22. Ba3 Rg6 23. Nxc5 Bxc5 24. Bxc5 Nxc5 25. Qxd4 Qxd4 26. Rxd4 Ne6 27. Ra4 Ra8 28. Kg2 a5 29. b4 Rg4 30. a3 Nd4 31. bxa5 Nxe2 32. Rxg4 hxg4 33. Rc2 Nd4 34. Rc4 Ne6 35. Ra4 Nc5 36. Rxg4 Rxa5 37. h5 Ne6 38. h6 g6 39.
Rh4 Kh7 40. g4 Rxa3 41. f3 Ra2+ 42. Kg3 Ng5 43. Rh1 Ra3 44. Rf1 Kxh6 45. Kf4 Ne6+ 46. Ke5 Kg7 47. Kd6 Ra6+ 48. Ke5 Rb6 49. f4 Rc6 50. f5 Nc7 51. f6+ Kh6 52. g5+ Kxg5 53. Rg1+ Kh5 54. Rh1+ Kg4 55. Rh7 Re6+ 56. Kd4 Rxf6 0-1

[Event "*** SCC Grand Prix: Titled Tuesday Blitz"]
[Site "Chess.com"]
[Date "2020.07.14"]
[Round "8"]
[White "Efremov_Vlad"]
[Black "harlem4brew"]
[Result "0-1"]
[WhiteElo "2208"]
[BlackElo "2112"]
[TimeControl "180+1"]
[EndTime "11:37:40 PDT"]
[Termination "harlem4brew won on time"]

1. d4 Nf6 2. c4 d5 3. cxd5 Nxd5 4. e4 Nb6 5. Nc3 c6 6. Nf3 Bg4 7. Be2 e6 8. h3 Bxf3 9. Bxf3 N8d7 10. O-O c5 11. d5 e5 12. Be2 a6 13. f4 Bd6 14.
f5 Nf6 15. Bg5 h6 16. Bh4 Be7 17. Bg3 Bd6 18. Bh2 Rc8 19. Rf3 c4 20. Rg3 Bf8 21. Rc1 Nbd7 22. b3 b5 23. bxc4 bxc4 24. Qa4 Qb6+ 25.
Kh1 Qb2 26. Rb1 Qd2 27. Qxa6 Rd8 28. Qxc4 Bc5 29. Qd3 Qxd3 30. Bxd3 Bd4 31. Nb5 Bc5 32. a4 Kf8 33. a5 Nb8 34. Bg1 Be7 35. d6 Nh5 36. dxe7+ Kxe7 37. Rf3 Nf4 38. Bc5+ Kf6 39. Bf1 Nc6 40. a6 Rb8 41. Rfb3 Ra8 42. a7 Rhg8 43. Bc4 Rgc8 44. Bd5 Nxd5 45. exd5 Na5 46. Rc3 Nb7 47. Bb4 Rxc3 48. Bxc3 Nc5 49. Re1 Nd3 50. Rd1 Nf2+ 51.
Kg1 Nxd1 52. Be1 Ne3 53. Bf2 Nxd5 54. Nd6 Ke7 55. Ne4 Kd7 56. Nc5+ Kc6 57. Nd3 e4 58. Ne5+ Kb5 59. Nxf7 e3 60. Bg3 Rxa7 61. Nd6+ Kb6 62.
Nc4+ Kc5 63. Nxe3 Ra1+ 64. Nf1 Ne3 65. Bf2 Rxf1+ 66. Kh2 Rxf2 0-1

[Event "*** SCC Grand Prix: Titled Tuesday Blitz"]
[Site "Chess.com"]
[Date "2020.07.14"]
[Round "8"]
[White "kuban1991"]
[Black "kirillshevchenko"]
[Result "0-1"]
[WhiteElo "2767"]
[BlackElo "2940"]
[TimeControl "180+1"]
[EndTime "11:37:41 PDT"]
[Termination "kirillshevchenko won on time"]

1. e4 e5 2. Nf3 d6 3. d4 exd4 4. Nxd4 Nf6 5. Nc3 g6 6. Be3 Bg7 7. Qd2 O-O 8. O-O-O Nc6 9. f3 Re8 10. Nb3 Ne5 11. Be2 Be6 12. g4 Nc4 13. Bxc4 Bxc4 14.
h4 h5 15. Bg5 hxg4 16. h5 gxh5 17. fxg4 Re5 18. gxh5 Kh7 19. Nd4 Rxg5 20. h6 Bxh6 21.
Qxg5 Nh5 22. Rxh5 Qxg5+ 23. Rxg5 Bxg5+ 24. Kb1 Bf6 25. Rh1+ Kg8 26. Rg1+ Kf8 27. Nf5 Bxc3 28. bxc3 Be6 29. Rh1 Kg8 30. Rg1+ Kh7 31. Nd4 a6 32. Nf3 f6 33. a3 Rg8 34. Rh1+ Kg7 35. Nd4 Bd7 36. Kb2 Re8 37. Rh4 Re5 38. Nf3 Rb5+ 39.
Kc1 Rc5 40. Kb2 a5 41. Nd4 Re5 42. Nf3 Rb5+ 43. Kc1 d5 44. exd5 Rxd5 45. Nd4 c5 46. Nb3 b6 47. Nd2 Rd6 48. Nc4 Re6 49. Rf4 Bb5 50. Nd2 Kg6 51. Rf2 f5 52. Rg2+ Kf6 53.
Rh2 Re1+ 54. Kb2 Re2 55. Rh6+ Kg5 56. Rd6 f4 57. Nf3+ Kg4 58. Nd2 Rxd2 59. Rxd2 f3 0-1

[Event "*** SCC Grand Prix: Titled Tuesday Blitz"]
[Site "Chess.com"]
[Date "2020.07.14"]
[Round "8"]
[White "OparinGrigoriy"]
[Black "Bulldog167"]
[Result "1/2-1/2"]
[WhiteElo "2924"]
[BlackElo "2753"]
[TimeControl "180+1"]
[EndTime "11:37:41 PDT"]
[Termination "Game drawn by repetition"]

1. Nf3 Nf6 2. g3 b6 3. d4 Bb7 4. c4 g6 5. Bg2 Bg7 6. O-O O-O 7.
Re1 e6 8. Bf4 d6 9. Qc2 Be4 10.
Qc1 Bb7 11. Nc3 Nc6 12. Qd2 Na5 13. b3 Ne4 14. Nxe4 Bxe4 15. h4 Nc6 16. Rad1 Ne7 17. Bh6 Bb7 18. e4 Nc6 19. d5 Ne7 20. h5 e5 21. b4 a5 22. a3 Bc8 23. Rc1 Bg4 24.
Bxg7 Kxg7 25. h6+ Kg8 26. c5 Bxf3 27. Bxf3 axb4 28. axb4 bxc5 29. bxc5 Nc8 30. Bg4 f5 31. exf5 gxf5 32. Bh3 f4 33. Qd3 Ne7 34. cxd6 cxd6 35. Rb1 Ng6 36. Rb7 Qg5 37. Bg2 fxg3 38. Qxg3 Qxh6 39.
Be4 Rab8 40. Rd7 Rbd8 41. Rxd8 Rxd8 42. Rb1 Qf4 43. Bxg6 Qxg3+ 44. fxg3 hxg6 45. Rb7 Rf8 46. Rd7 Rf6 47. Kg2 Kf8 48. Kh3 e4 49. Rc7 Rf5 50.
Rc4 Re5 51. Kg2 e3 52. Kf1 e2+ 53. Ke1 Kf7 54. Rf4+ Ke7 55. g4 g5 56. Rf3 Rxd5 57.
Kxe2 Re5+ 58. Kd3 Ke6 59. Rh3 Rd5+ 60. Ke4 Ra5 61. Rh6+ Kd7 62. Rg6 Kc6 63. Rg8 Re5+ 64. Kd4 Ra5 65. Ke4 Kd7 66. Rg6 Kc6 67. Rg8 1/2-1/2

[Event "*** SCC Grand Prix: Titled Tuesday Blitz"]
[Site "Chess.com"]
[Date "2020.07.14"]
[Round "8"]
[White "vova-79"]
[Black "Monmoransy"]
[Result "1/2-1/2"]
[WhiteElo "2479"]
[BlackElo "2617"]
[TimeControl "180+1"]
[EndTime "11:37:42 PDT"]
[Termination "Game drawn - insufficient material"]

1. d4 d5 2. c4 dxc4 3. e3 e5 4. Bxc4 exd4 5. exd4 Bd6 6. Nc3 Nf6 7. Nf3 O-O 8. O-O Nc6 9. h3 h6 10. Re1 a6 11. Ne5 Bxe5 12. dxe5 Qxd1 13. Nxd1 Nd7 14. e6 fxe6 15. Bxe6+ Kh8 16. Bd2 Nde5 17. Bxc8 Raxc8 18. Bc3 Nd3 19. Re2 Kh7 20. Ne3 Rce8 21. Rd1 Nf4 22. Ree1 Rd8 23. Kf1 g5 24. Rxd8 Rxd8 25. Rd1 Rxd1+ 26.
Nxd1 Kg6 27. Ne3 b5 28. Bd2 Ne5 29. Bc3 Ned3 30. a3 c5 31. b3 Nc1 32. b4 c4 33. g3 Nfd3 34. Nd5 Na2 35. Bd4 Kf5 36.
Nc7 Ke4 37. Bg7 c3 38. Bxh6 c2 39. Bxg5 Ne5 40. Ke2 c1=Q 41. Bxc1 Nxc1+ 42. Kd2 Nb3+ 43. Kc3 Nd4 44. Nxa6 Nef3 45. Nc5+ Kd5 46. a4 bxa4 47.
Nxa4 Ne5 48. h4 Ke4 49. Nb2 Nb5+ 50. Kb3 Kf3 51. Nc4 Nc6 52. h5 Kxf2 53. h6 Ne7 54. h7 Ng6 55. Na3 Nc7 56. b5 Kxg3 57. b6 Na6 58. Nb5 Kf4 59. Ka4 Ke5 60. Ka5 Nc5 61.
Nc7 Kd6 62. Kb5 Nd7 63. Na6 Nxb6 64. Kxb6 Ke7 65. h8=Q Kf7 66. Nc5 Nxh8 1/2-1/2

[Event "*** SCC Grand Prix: Titled Tuesday Blitz"]
[Site "Chess.com"]
[Date "2020.07.14"]
[Round "8"]
[White "ChessWarrior7197"]
[Black "Sanan_Sjugirov"]
[Result "0-1"]
[WhiteElo "2862"]
[BlackElo "2983"]
[TimeControl "180+1"]
[EndTime "11:37:44 PDT"]
[Termination "Sanan_Sjugirov won by checkmate"]

1. e4 c5 2. Nf3 Nc6 3. Bb5 g6 4. Bxc6 dxc6 5. d3 Bg7 6. Nc3 b6 7. h3 e5 8. Be3 Ne7 9. O-O h6 10. Nh2 g5 11. a3 O-O 12. b4 cxb4 13. axb4 f5 14. exf5 Bxf5 15. Ne4 Qd7 16. Qe2 Nd5 17. Qd2 Nf4 18. Ra3 Rad8 19. f3 Qe7 20. Rfa1 Rd7 21. Kh1 Kh8 22. Qc3 Nd5 23. Qe1 Nxb4 24. Qf2 Nd5 25. Ra6 c5 26. Qe1 Nb4 27. R6a2 Nxa2 28.
Rxa2 Qe6 29. Qa1 Rff7 30. Ra6 Qe8 31. Ng4 Kg8 32. Qa2 Be6 33. Qa1 c4 34. Qc3 cxd3 35.
cxd3 Bf5 36. Ra1 Qd8 37. Ngf2 Rc7 38. Qb3 Kh8 39. Ng3 Bg6 40. Qe6 Rf6 41. Qb3 Rd6 42. Nge4 Rdc6 43. Ng4 Qg8 44. Qb2 Qe6 45. Re1 a5 46. Bf2 a4 47. Bg3 Qb3 48. Qa1 Bxe4 49.
dxe4 Rc5 50. Bxe5 Rxe5 51. Nxe5 Kh7 52. Rb1 Bxe5 53. Rxb3 Bxa1 54. Ra3 Rc1+ 55. Kh2 b5 56. g3 Bb2 57. Rd3 a3 58. f4 a2 59. Rd7+ Kg8 60.
Rd8+ Kf7 61. e5 a1=Q 62. h4 Rh1+ 63. Kg2 Qf1# 0-1

[Event "*** SCC Grand Prix: Titled Tuesday Blitz"]
[Site "Chess.com"]
[Date "2020.07.14"]
[Round "8"]
[White "1977Ivan"]
[Black "kingnb"]
[Result "1/2-1/2"]
[WhiteElo "2683"]
[BlackElo "2562"]
[TimeControl "180+1"]
[EndTime "11:37:44 PDT"]
[Termination "Game drawn by stalemate"]

1. d4 d6 2. e4 Nf6 3. Nc3 e5 4. Nf3 exd4 5. Nxd4 Be7 6. g3 O-O 7.
Bg2 c5 8. Nf5 Bxf5 9. exf5 Nc6 10. O-O Qd7 11. g4 Rad8 12. Re1 d5 13. g5 Ne4 14. Nxe4 dxe4 15. Qxd7 Rxd7 16. Bxe4 Rfd8 17. Be3 f6 18. h4 fxg5 19. hxg5 Rf8 20. Rad1 Rxd1 21.
Rxd1 Nd4 22. Bxd4 cxd4 23. Rxd4 Bxg5 24. Rd7 b5 25. Rxa7 Bf6 26. c3 Rd8 27. Rb7 h5 28. Rxb5 Rd2 29. a4 Bh4 30. a5 Bxf2+ 31. Kf1 h4 32. a6 h3 33. Rb8+ Kf7 34. a7 Bxa7 35. Rb7+ Kf6 36. Rxa7 Rxb2 37. c4 Ke5 38. Bd5 Rb1+ 39.
Kf2 h2 40. Rxg7 h1=Q 41. Bxh1 Rxh1 42. Re7+ Kxf5 43. Ke2 Rh3 44. Kd2 Kf6 45. Re8 Rg3 46.
Kc2 Rh3 47. Kb2 Rg3 48. Re2 Rh3 49. c5 Rh5 50. Rc2 Ke7 51. Kb3 Kd7 52. Kb4 Kc6 53. Rc4 Rf5 54. Rd4 Rf6 55. Kc4 Rh6 56. Re4 Rg6 57. Rf4 Rh6 58. Kd4 Rg6 59. Rh4 Rf6 60.
Rh8 Rf4+ 61. Ke5 Rf7 62. Rc8+ Rc7 63. Rxc7+ Kxc7 64. Kd5 Kd7 65. c6+ Kc7 66. Kc5 Kc8 67. Kd6 Kd8 68. c7+ Kc8 69. Kc6 1/2-1/2

[Event "*** SCC Grand Prix: Titled Tuesday Blitz"]
[Site "Chess.com"]
[Date "2020.07.14"]
[Round "8"]
[White "Bodnar_Mykola"]
[Black "13MiRacLe"]
[Result "0-1"]
[WhiteElo "2481"]
[BlackElo "2632"]
[TimeControl "180+1"]
[EndTime "11:37:44 PDT"]
[Termination "13MiRacLe won by checkmate"]

1. e4 e5 2. Nf3 Nc6 3. Bc4 Nf6 4. d3 Bc5 5. c3 O-O 6. O-O d5 7. exd5 Nxd5 8. Re1 Bg4 9. Nbd2 Nb6 10. h3 Bh5 11. Bb3 Qxd3 12. Nxe5 Qf5 13. Nef3 Rae8 14. Rxe8 Rxe8 15.
g4 Bxg4 16. hxg4 Qxg4+ 17. Kh1 Bxf2 18. Qf1 Qh5+ 19. Kg2 Bc5 20. Bc2 Nd5 21. Ne4 Rxe4 22. Bxe4 Qg4+ 23. Kh2 Bd6+ 24. Kh1 Qxe4 25. Bd2 Ne5 26. Re1 Qxf3+ 27. Qxf3 Nxf3 28. Re8+ Bf8 29. Bc1 f6 30. c4 Nb4 31. Be3 Kf7 32. Rc8 Bd6 33.
Bxa7 Nxa2 34. Bb8 Ke6 35. Rg8 g6 36. Rg7 h5 37. Rxg6 Ne5 38. Rg7 Nxc4 39. Bxc7 Nb4 40. Bxd6 Nxd6 41. Rh7 Nd3 42. b3 Nc5 43. b4 Nd3 44.
Rxh5 Nxb4 45. Kg2 Nd5 46. Kf3 b5 47. Rh1 b4 48. Ke2 f5 49. Kd3 f4 50. Rh6+ Ke5 51. Rh5+ Nf5 52. Kc4 f3 53. Rh3 f2 54. Rf3 Nfe3+ 55. Kb3 f1=Q 56. Rxf1 Nxf1 57. Kc4 Nfe3+ 58. Kd3 Nf5 59. Kc4 Kd6 60. Kb3 Kc5 61.
Ka4 Nfe7 62. Kb3 Kb5 63. Kb2 Kc4 64. Kc2 b3+ 65. Kb2 Kb4 66. Kb1 Kc3 67. Ka1 Nb4 68.
Kb1 Ned5 69. Ka1 Ne3 70. Kb1 Nc4 71. Ka1 b2+ 72. Kb1 Nd2# 0-1

[Event "*** SCC Grand Prix: Titled Tuesday Blitz"]
[Site "Chess.com"]
[Date "2020.07.14"]
[Round "8"]
[White "MF1966Idrisov"]
[Black "XiaoKangZhong"]
[Result "1-0"]
[WhiteElo "2337"]
[BlackElo "2429"]
[TimeControl "180+1"]
[EndTime "11:37:46 PDT"]
[Termination "MF1966Idrisov won by checkmate"]

1. Nf3 Nf6 2. b3 g6 3. Bb2 Bg7 4. c4 O-O 5. g3 d5 6. cxd5 Nxd5 7. Bxg7 Kxg7 8. Qc1 Nf6 9. Bg2 Nd5 10. O-O Nb6 11. d4 Nc6 12. Rd1 Bg4 13. Qb2 Kg8 14. Na3 e6 15. Rac1 Nd5 16. Nc4 Nf6 17. Nce5 Bxf3 18. Bxf3 Ne7 19. Bxb7 Rb8 20. Bf3 Nd7 21. Ng4 h5 22. Ne3 Nf6 23. Nc4 Kg7 24. Rd2 Nfd5 25. e4 Nb6 26. Ne5 f6 27. Nc6 Nxc6 28. Rxc6 Qd7 29. Rdc2 Rbc8 30. Qa3 Na8 31. d5 exd5 32. exd5 Nb6 33. Qc5 Rf7 34. a4 Qd8 35. Qa5 Nd7 36.
Bg2 Ne5 37. Ra6 Rb8 38. Rc3 Qd7 39. Rxa7 Rc8 40. Qc5 Ng4 41. d6 cxd6 42. Rxd7 Rxc5 43. Rxf7+ Kxf7 44. Rxc5 dxc5 45. a5 Ne5 46. a6 Nd7 47. a7 Nb6 48. a8=Q Nxa8 49. Bxa8 Ke6 50. Kf1 Ke5 51. Ke2 Kd4 52. f3 g5 53. h3 h4 54. gxh4 gxh4 55. f4 f5 56. Kf3 Kc3 57. Bd5 Kb4 58. Be6 Ka3 59. Bxf5 Kxb3 60. Be6+ Kc3 61. f5 Kd4 62. f6 Ke5 63. f7 Kxe6 64.
f8=Q Kd5 65. Qf5+ Kd4 66. Qe4+ Kc3 67. Ke3 c4 68. Qd4+ Kb3 69. Kd2 Kb4 70. Kc2 Ka3 71.
Qb6 Ka4 72. Kc1 Ka3 73. Kc2 Ka4 74. Kc3 Ka3 75. Qb4+ Ka2 76. Qb2# 1-0

[Event "*** SCC Grand Prix: Titled Tuesday Blitz"]
[Site "Chess.com"]
[Date "2020.07.14"]
[Round "8"]
[White "Schandenfreude"]
[Black "Vesper2018"]
[Result "1/2-1/2"]
[WhiteElo "2458"]
[BlackElo "2583"]
[TimeControl "180+1"]
[EndTime "11:37:49 PDT"]
[Termination "Game drawn - insufficient material"]

1. Nf3 Nf6 2. c4 g6 3. b3 Bg7 4. Bb2 c5 5. g3 d6 6. Bg2 e5 7.
O-O O-O 8. d3 Nc6 9. Nc3 h6 10. a3 Be6 11. b4 cxb4 12. axb4 Nxb4 13. Qb3 Na6 14. Qxb7 Nc5 15. Qb4 Rb8 16. Qa3 Qd7 17.
Rfb1 Nb3 18. Ra2 e4 19. Nxe4 Nxe4 20. Bxg7 Kxg7 21. Rxb3 Nc5 22. Rbb2 Bh3 23. Nd4 Bxg2 24. Kxg2 a6 25. Qc3 Kh7 26. Qc2 f5 27. Rxb8 Rxb8 28.
Rb2 Re8 29. Nb3 Ne6 30. Qc3 f4 31. c5 dxc5 32. Rc2 Qd5+ 33. Kg1 Ng5 34. f3 fxg3 35. hxg3 Ne6 36. Nxc5 Rc8 37. d4 Qxd4+ 38. Qxd4 Nxd4 39.
Rd2 Nxf3+ 40. exf3 Rxc5 41. Rd7+ Kg8 42. Rd6 a5 43.
Rxg6+ Kh7 44. Ra6 h5 45. Kg2 Rf5 46. f4 h4 47. Kh3 hxg3 48. Kxg3 Rb5 49. Kg4 Kg7 50.
f5 Rb1 51. Ra7+ Kf6 52. Ra6+ Kf7 53. Rxa5 Rg1+ 54. Kf4 Rf1+ 55. Ke5 Re1+ 56. Kf4 Rf1+ 57.
Ke5 Re1+ 58. Kd6 Kf6 59. Kc6 Rf1 60. Rc5 Rxf5 61. Rxf5+ Kxf5 1/2-1/2

[Event "*** SCC Grand Prix: Titled Tuesday Blitz"]
[Site "Chess.com"]
[Date "2020.07.14"]
[Round "8"]
[White "Atanejhad"]
[Black "Natalya_Buksa"]
[Result "0-1"]
[WhiteElo "2397"]
[BlackElo "2537"]
[TimeControl "180+1"]
[EndTime "11:37:49 PDT"]
[Termination "Natalya_Buksa won on time"]

1. e4 c5 2. Nf3 Nc6 3. c3 Nf6 4. e5 Nd5 5. Bc4 Nb6 6. Bb3 d5 7. exd6 Qxd6 8. O-O Be6 9. d4 cxd4 10. Bxe6 Qxe6 11.
Nxd4 Nxd4 12. Qxd4 Qd7 13. Qh4 e6 14. Be3 Be7 15. Qg3 O-O 16. Bd4 f6 17. Nd2 Qc6 18. Rfe1 e5 19. Bxb6 Qxb6 20. Nc4 Qc5 21. Ne3 f5 22. Qh3 g6 23. Rad1 Rad8 24. c4 Bg5 25. b3 Bxe3 26. Qxe3 Qxe3 27. fxe3 Kf7 28. Kf2 Ke6 29.
Ke2 g5 30. e4 fxe4 31. Ke3 g4 32. Rf1 Rd3+ 33. Rxd3 Rxf1 34. Rd2 h5 35. Kxe4 Re1+ 36. Kd3 Kf5 37. Rf2+ Ke6 38. Kd2 Ra1 39. Ke3 h4 40. Rc2 Re1+ 41. Kf2 Rd1 42. h3 gxh3 43. gxh3 Rd3 44.
Kg2 e4 45. b4 Ke5 46. c5 a6 47. a4 Rg3+ 48. Kf1 Rxh3 49. b5 axb5 50. axb5 Rf3+ 51. Kg2 Rf7 52. c6 bxc6 53. Rxc6 Kd4 54. Rh6 Ke3 55. Rxh4 Rf5 56. b6 Rg5+ 57. Kf1 Rb5 58. Rh6 Rb1+ 59.
Kg2 Ke2 60. Re6 e3 61. Kg3 Rb4 62. Kg2 Kd2 63. Kf3 Rb3 64. b7 Rxb7 0-1

[Event "*** SCC Grand Prix: Titled Tuesday Blitz"]
[Site "Chess.com"]
[Date "2020.07.14"]
[Round "8"]
[White "Artyom_ChessMate"]
[Black "Manukyan_Artak"]
[Result "1/2-1/2"]
[WhiteElo "2504"]
[BlackElo "2371"]
[TimeControl "180+1"]
[EndTime "11:37:51 PDT"]
[Termination "Game drawn - insufficient material"]

1. e4 c6 2. d4 d5 3. exd5 cxd5 4. Bd3 Nc6 5. c3 Nf6 6. Bf4 Bg4 7. Qb3 Qc8 8. Nd2 e6 9. Ngf3 Be7 10. O-O O-O 11.
Rae1 a6 12. Qc2 Bh5 13. Ng5 Bg6 14. Bxg6 hxg6 15. Qd3 Nh5 16. Qh3 e5 17. dxe5 d4 18. g4 Bxg5 19. Bxg5 dxc3 20. bxc3 f6 21. e6 fxg5 22.
gxh5 Rf6 23. hxg6 Rxg6 24. Qd3 Rh6 25. Nf3 g4 26. Ng5 Qc7 27. Qg3 Qe7 28. Qxg4 Rg6 29. h4 Rf8 30. Re3 Qd6 31. Rd1 Qc5 32. Rd7 Ne5 33. Qd4 Nxd7 34. exd7 Qxd4 35. cxd4 Rd6 36. Ne6 Rxd7 37. Nxf8 Kxf8 38. Re4 b5 39. Kg2 Rb7 40.
Kf3 a5 41. Re5 b4 42. Rxa5 Ke7 43. Ke4 Kd6 44. Ra6+ Kc7 45. Ke5 Rb5+ 46. d5 Kb7 47. Rg6 Ra5 48. Rxg7+ Kb6 49. Rg4 Kc5 50. h5 Rxa2 51.
Rg3 Re2+ 52. Kf4 Rxf2+ 53. Ke3 Rf8 54. Kd2 Kxd5 55. Kc2 Ke4 56. Kb3 Rh8 57. Rh3 Kf4 58.
h6 Kg5 59. h7 Kg6 60. Kxb4 Rxh7 61. Rg3+ Kf7 62. Rf3+ Kg8 63. Rg3+ Rg7 64. Rxg7+ Kxg7 1/2-1/2

[Event "*** SCC Grand Prix: Titled Tuesday Blitz"]
[Site "Chess.com"]
[Date "2020.07.14"]
[Round "8"]
[White "aloe_normansen"]
[Black "Vladislav_Chizhikov"]
[Result "1-0"]
[WhiteElo "2250"]
[BlackElo "2425"]
[TimeControl "180+1"]
[EndTime "11:37:52 PDT"]
[Termination "aloe_normansen won on time"]

1. e4 e6 2. d4 d5 3. Nd2 dxe4 4. Nxe4 Nd7 5. Nf3 Ngf6 6. Bg5 Be7 7. Bxf6 Nxf6 8.
Bd3 O-O 9. Qe2 a5 10. O-O a4 11. a3 Ra5 12. Rad1 b6 13. Ne5 Bb7 14. Ng5 h6 15. Ne4 Qa8 16. Rfe1 Rd8 17. c3 Nxe4 18. Bxe4 Bxe4 19. Qxe4 Qxe4 20. Rxe4 Rb5 21. Nc6 Rd7 22. Ne5 Rd6 23. Nc4 Rd8 24. f3 Bf6 25. Ree1 Kf8 26. Kf2 Ke7 27. g3 Rb3 28. Rb1 c5 29. dxc5 bxc5 30. Red1 Rdb8 31. Rbc1 g6 32. Ke3 Bg7 33. f4 g5 34. Ke4 f5+ 35. Kf3 g4+ 36. Kg2 h5 37. h3 Bf6 38. h4 R8b7 39. Rd3 Kf8 40. Re1 Re7 41. Rd6 Kf7 42. Ra6 Rd7 43. Rxa4 Rd3 44. Re2 Bxc3 45. Ra7+ Kf6 46. bxc3 Rbxc3 47. Ne5 Rxg3+ 48. Kf2 Rcf3+ 49. Nxf3 Rxf3+ 50. Kg2 Rxf4 51. Ra6 Kf7 52. Raxe6 Ra4 53. Re7+ Kf8 54. Re8+ Kf7 55.
R2e7+ Kf6 56. Re6+ Kf7 57. R8e7+ Kf8 58. Rb7 f4 59.
Rh6 f3+ 60. Kg3 Kg8 61. Rg6+ Kf8 62. Rh6 1-0

[Event "*** SCC Grand Prix: Titled Tuesday Blitz"]
[Site "Chess.com"]
[Date "2020.07.14"]
[Round "8"]
[White "thedjoker98"]
[Black "Dinamo81"]
[Result "1/2-1/2"]
[WhiteElo "2522"]
[BlackElo "2653"]
[TimeControl "180+1"]
[EndTime "11:37:53 PDT"]
[Termination "Game drawn - insufficient material"]

1. d4 d5 2. c4 e6 3. Nc3 a6 4. cxd5 exd5 5. Nf3 c6 6. Bf4 Bd6 7. Bg3 Ne7 8. e3 Nf5 9. Bxd6 Nxd6 10. Bd3 Bf5 11. O-O O-O 12. Na4 Nd7 13. Rc1 Bxd3 14. Qxd3 Qe7 15. Nc5 Nf6 16. Ne5 Nfe4 17. Nxe4 Nxe4 18.
f3 Nd6 19. f4 f6 20. Nf3 Rfe8 21. Rfe1 Qf7 22. b3 Re7 23. Re2 Rae8 24. Rce1 Qh5 25.
Nd2 Ne4 26. Nxe4 Rxe4 27. h3 R8e7 28. Rf2 Qe8 29. Rfe2 f5 30. Kf2 R7e6 31. g3 Qe7 32. Rg1 Rh6 33. h4 Rg6 34. a4 Qe8 35. b4 Rge6 36.
a5 Qh5 37. Ree1 Qg4 38. Qe2 Qg6 39. Qd3 Qf6 40. Re2 h6 41. Qd2 Kf8 42. Qd3 Ke8 43. Qc3 Qe7 44. Rge1 g5 45. hxg5 hxg5 46. Qd3 Qh7 47.
Rg1 gxf4 48. gxf4 Qh4+ 49. Kf1 Qh3+ 50. Kf2 Rh6 51. Rg3 Qh4 52. Re1 Qe7 53. Reg1 Rh2+ 54. R1g2 Rxg2+ 55. Kxg2 Qxb4 56. Qe2 Kd8 57. Qh5 Kc7 58.
Qxf5 Qd2+ 59. Kh3 Qxa5 60. Rg7+ Kb6 61. Qf7 Rxe3+ 62. Kg4 Qe1 63. Qxb7+ Ka5 64. Qc7+ Kb5 65. Qb7+ Kc4 66. Qxa6+ Kxd4 67. Qa4+ Kd3 68. Qa6+ Kd2 69. Qa2+ Kd3 70. Qa6+ Kd4 71. Qa4+ Kc5 72. Qa7+ Kc4 73. Qa4+ Qb4 74. Qxc6+ Qc5 75. Qxc5+ Kxc5 76. f5 d4 77. f6 Re1 78. Rd7 Rf1 79. Kg5 Kc4 80. Kg6 d3 81. f7 Kc3 82. Kg7 d2 83. Rxd2 Kxd2 84. f8=Q Rxf8 85.
Kxf8 1/2-1/2

[Event "*** SCC Grand Prix: Titled Tuesday Blitz"]
[Site "Chess.com"]
[Date "2020.07.14"]
[Round "8"]
[White "AnishOnYoutube"]
[Black "Grischuk"]
[Result "1-0"]
[WhiteElo "2881"]
[BlackElo "3038"]
[TimeControl "180+1"]
[EndTime "11:37:58 PDT"]
[Termination "AnishOnYoutube won on time"]

1. d4 Nf6 2. c4 g6 3. Nc3 Bg7 4. e4 d6 5. Nf3 O-O 6. Be2 e5 7. O-O Nc6 8. d5 Ne7 9. b4 a5 10. bxa5 Rxa5 11. a4 Ne8 12. Ba3 c5 13. Bc1 h6 14.
Bd2 f5 15. exf5 Nxf5 16. Ne4 Ra6 17. Bd3 Nf6 18. Ra3 g5 19. h3 Nd4 20. Nxd4 exd4 21.
Nxf6+ Qxf6 22. f4 g4 23. hxg4 Qh4 24. Be2 d3 25. Rxd3 Bd4+ 26. Be3 Bg7 27. Bf2 Qe7 28. g3 Bd7 29. Ra3 Rfa8 30. Re1 Rxa4 31. Rxa4 Rxa4 32. Bd3 Qf7 33. Qc2 Rb4 34. Bg6 Qf6 35. Bf5 Bxf5 36. gxf5 b5 37. cxb5 Rxb5 38. Qe4 Rb2 39. g4 Qf7 40.
Qe6 Bf6 41. Qxd6 Qg7 42. Qe6+ Kh7 43. Kf1 Qxg4 44. Qf7+ Bg7 45. Qg6+ Qxg6 46. fxg6+ Kxg6 47. Bxc5 Rd2 48. d6 Kf5 49. Re7 Bf6 50. Rf7 Ke6 51. Rh7 Rd5 52. Ba3 Rd3 53. Bc5 Rd5 54.
Be3 Rxd6 55. Rxh6 Kf5 56. Ke2 Be7 57. Rh5+ Kg6 58. Rb5 Bf6 59. Kf3 Rd7 60. Rb1 Rc7 61. Rb6 Kf5 62. Rb5+ Kg6 63. Kg4 Rc4 64. Rb6 Ra4 65.
Bc5 Kf7 66. Kf5 Bd8 67. Rb7+ Ke8 68. Rh7 Rc4 69. Bd6 Ra4 70. Ke6 Re4+ 71. Be5 1-0